 Dungeon Crawl Stone Soup version 0.31-a0-977-gc230f8ef24 (webtiles) character file.

Game seed: 168433114772905038

672 tsujin the Ruffian (level 7, 0/53 HPs)
             Began as a Gnoll Shapeshifter on Oct 30, 2023.
             Succumbed to a water moccasin's poison
             ... on level 5 of the Dungeon.
             The game lasted 00:09:40 (4293 turns).

tsujin the Ruffian (Gnoll Shapeshifter)             Turns: 4293, Time: 00:09:40

Health: 0/53       AC: 11    Str: 16    XL:     7   Next: 58%
Magic:  10/10      EV:  6    Int:  9    God:
Gold:   190        SH:  0    Dex: 11    Spells: 11/11 levels left

rFire   . .          .
                       - Unarmed
rCold   . . .        (no shield)
rNeg    . . .        k - +0 plate armour
rPois   +            (helmet currently unavailable)
rElec   .            (cloak currently unavailable)
rCorr   .            (gloves currently unavailable)
SInv    .            (boots currently unavailable)
Will    .....        (no amulet) Stlth
                     j - ring of poison resistance
HPRegen 0.28/turn    (no ring)
MPRegen 0.12/turn

%: no passive effects
@: lethally poisoned (0 -> -6), beast-form, hasted, very quick
A: beast (slay +4), fangs 1, strong nose, distributed training
a: Begin Untransformation


You were on level 5 of the Dungeon.
You were a hulking beast.
You visited 2 branches of the dungeon, and saw 6 of its levels.

You collected 190 gold pieces.

Inventory:

Hand Weapons
 i - the +2 sling of the Stopping Messenger {drain, Str+4}
   (You found it on level 2 of the Dungeon)

   Str+4:     It affects your strength (+4).
Missiles
 g - a throwing net
 o - 5 poisoned darts (quivered)
Armour
 k - a +0 plate armour (worn)
 p - a +0 pair of gloves
Magical Staves
 h - a staff of earth
Jewellery
 j - a ring of poison resistance (left hand)
 t - a ring of magical power
Talismans
 c - a beast talisman
 d - a flux talisman
Wands
 f - a wand of charming (9)
Scrolls
 m - a scroll of brand weapon
 s - a scroll of vulnerability
Potions
 a - 2 potions of attraction
 l - a potion of degeneration


   Skills:
 + Level 3.7 Fighting
 + Level 2.6 Short Blades
 + Level 2.6 Long Blades
 + Level 2.6 Axes
 + Level 2.6 Maces & Flails
 + Level 2.6 Polearms
 + Level 2.6 Staves
 + Level 2.6 Ranged Weapons
 + Level 2.6 Throwing
 + Level 2.6 Armour
 + Level 5.3 Dodging
 + Level 2.6 Stealth
 + Level 2.6 Shields
 + Level 7.1 Unarmed Combat
 + Level 2.6 Spellcasting
 + Level 2.1 Conjurations
 + Level 2.1 Hexes
 + Level 2.1 Summonings
 + Level 2.1 Necromancy
 + Level 2.1 Translocations
 + Level 2.1 Transmutations
 + Level 2.1 Fire Magic
 + Level 2.1 Ice Magic
 + Level 2.1 Air Magic
 + Level 2.1 Earth Magic
 + Level 2.1 Poison Magic
 + Level 2.9 Invocations
 + Level 2.6 Evocations
 + Level 7.0 Shapeshifting


You had 11 spell levels left.
You didn't know any spells.
Your spell library was empty.

Dungeon Overview and Level Annotations

Branches:
Dungeon (5/15)             Temple (1/1) D:4

Altars:
Elyvilon
Gozag
Hepliaklqana
Makhleb
Okawaru
Qazlal
Sif Muna
Uskayaw
Vehumet
Wu Jian
Xom
Zin
The Shining One


Innate Abilities, Weirdness & Mutations

You are a hulking beast.
Your limbs bulge with bestial killing power. (Slay +4)
You have very sharp teeth.
Your uncanny sense of smell can sniff out nearby items.
Your experience applies equally to all skills.


Message History

The water moccasin poisons you!
You take 4 damage, and have 22/53 hp.
You barely miss the water moccasin.
The water moccasin is heavily wounded.
You feel very sick. The water moccasin barely misses you.
The jackal completely misses you. The water moccasin bites you.
* * * LOW HITPOINT WARNING * * *
The jackal bites you but does no damage.
You take 8 damage, and have 14/53 hp.
You feel yourself speed up.
* * * LOW HITPOINT WARNING * * *
You feel very sick. The water moccasin bites you.
* * * LOW HITPOINT WARNING * * *
The jackal bites you.
* * * LOW HITPOINT WARNING * * *
You take 8 damage, and have 6/53 hp.
You barely miss the water moccasin.
The water moccasin is heavily wounded.
* * * LOW HITPOINT WARNING * * *
You feel sick.
The water moccasin bites you but does no damage.
The jackal bites you but does no damage.
You take 2 damage, and have 4/53 hp.
Okay, then.
As you read the scroll of fear, it crumbles to dust.
You assume a fearsome visage.
The water moccasin looks frightened!
The jackal looks frightened!
* * * LOW HITPOINT WARNING * * *
You feel sick.
You take 2 damage, and have 2/53 hp.
* * * LOW HITPOINT WARNING * * *
You feel sick.
You are too injured to fight recklessly!
Okay, then.
* * * LOW HITPOINT WARNING * * *
You feel sick.
You take 1 damage, and have 1/53 hp.
You die...

######.#.#
..........#
########..# #..#
# ###### #..# #
#....# #..# #
#....# #..# #
#....####..## #
+...h'......#
#.†..######....#
#....# ####....#
#.!..# ##..
#....# ..hS..#
.......#
.......#
....#####


You could see a water moccasin (fleeing) and a jackal (fleeing).

Vanquished Creatures
  A black bear (D:4)
  An ice beast (D:4)
  A sky beast (D:4)
  2 scorpions (D:5)
  A hound (D:5)
  A jelly (D:5)
  An orc priest (D:5)
  An iguana (D:4)
  A sleepcap (D:5)
  Jessica (D:2)
  3 adders
  10 orcs
  4 ball pythons
  3 bats
  5 endoplasms
  4 giant cockroaches
  6 goblins
  10 hobgoblins
  5 jackals
  2 quokkas
  4 frilled lizards
  11 kobolds
  11 rats
89 creatures vanquished.

Notes
Turn   | Place    | Note
-------+----------+-------------------------------------------
     0 | D:1      | tsujin the Gnoll Shapeshifter began the quest for the Orb.
     0 | D:1      | Reached XP level 1. HP: 17/17 MP: 1/1
   335 | D:1      | Reached XP level 2. HP: 23/23 MP: 2/2
  1183 | D:2      | Found a hazy altar of Hepliaklqana.
  1189 | D:2      | Noticed Jessica
  1194 | D:2      | Reached XP level 3. HP: 28/28 MP: 3/3
  1204 | D:2      | Killed Jessica
  1205 | D:2      | Reached skill level 1 in Short Blades
  1205 | D:2      | Reached skill level 1 in Long Blades
  1205 | D:2      | Reached skill level 1 in Axes
  1205 | D:2      | Reached skill level 1 in Maces & Flails
  1205 | D:2      | Reached skill level 1 in Polearms
  1205 | D:2      | Reached skill level 1 in Staves
  1205 | D:2      | Reached skill level 1 in Ranged Weapons
  1205 | D:2      | Reached skill level 1 in Throwing
  1205 | D:2      | Reached skill level 1 in Armour
  1205 | D:2      | Reached skill level 1 in Stealth
  1205 | D:2      | Reached skill level 1 in Shields
  1205 | D:2      | Reached skill level 1 in Spellcasting
  1205 | D:2      | Reached skill level 1 in Invocations
  1205 | D:2      | Reached skill level 1 in Evocations
  1275 | D:2      | Reached XP level 4. HP: 33/34 MP: 5/5
  1311 | D:2      | Identified the +2 sling of the Stopping Messenger {drain,
                  | Str+4}
  1947 | D:3      | Reached skill level 1 in Conjurations
  1947 | D:3      | Reached skill level 1 in Hexes
  1947 | D:3      | Reached skill level 1 in Summonings
  1947 | D:3      | Reached skill level 1 in Necromancy
  1947 | D:3      | Reached skill level 1 in Translocations
  1947 | D:3      | Reached skill level 1 in Transmutations
  1947 | D:3      | Reached skill level 1 in Fire Magic
  1947 | D:3      | Reached skill level 1 in Ice Magic
  1947 | D:3      | Reached skill level 1 in Air Magic
  1947 | D:3      | Reached skill level 1 in Earth Magic
  1947 | D:3      | Reached skill level 1 in Poison Magic
  2383 | D:3      | Found a glowing golden altar of the Shining One.
  2384 | D:3      | Found a white marble altar of Elyvilon.
  2384 | D:3      | Found a glowing silver altar of Zin.
  2600 | D:4      | HP: 1/34 [iguana (9)]
  2611 | D:4      | Reached XP level 5. HP: 33/40 MP: 5/7
  2661 | D:4      | Noticed an ice beast
  2692 | D:4      | Killed an ice beast
  2693 | D:4      | Reached XP level 6. HP: 14/47 MP: 8/8
  2926 | D:4      | Noticed a black bear
  2930 | D:4      | Noticed a sky beast
  2932 | D:4      | Killed a black bear
  2933 | D:4      | Reached skill level 5 in Dodging
  2946 | D:4      | Killed a sky beast
  3085 | D:4      | Found a staircase to the Ecumenical Temple.
  3097 | Temple   | Entered the Ecumenical Temple
  3569 | D:5      | Entered Level 5 of the Dungeon
  3577 | D:5      | Reached XP level 7. HP: 39/52 MP: 10/10
  4070 | D:5      | Noticed a troll
  4290 | D:5      | HP: 2/53 [poisoned by a water moccasin]
  4293 | D:5      | Succumbed to a water moccasin's poison

Illustrated notes

Levels and vault maps discovered:
D:1:      co_arrival_random_square_maze, layout_loops_corners,
          nicolae_eternal_life
D:2:      layout_basic, serial_glass, glass_columns_a, glass_columns_a,
          basic_altar, minmay_tree_intersection, nicolae_underground_beach,
          uniq_jessica
D:3:      layout_loops_ring, dreamdust_divine_triumvirate,
          chequers_serial_rivers_small_3
D:4:      layout_basic, minmay_temple_entry_mini_moons
D:5:      kennysheep_big_flooded_room, layout_basic
Temple:   nicolae_temple_bog_church

Skill      XL: |  1  2  3  4  5  6  7 |
---------------+----------------------+-----
Short Blades   | 1 2 |  2.6
Long Blades    | 1 2 |  2.6
Axes           | 1 2 |  2.6
Maces & Flails | 1 2 |  2.6
Polearms       | 1 2 |  2.6
Staves         | 1 2 |  2.6
Ranged Weapons | 1 2 |  2.6
Throwing       | 1 2 |  2.6
Armour         | 1 2 |  2.6
Stealth        | 1 2 |  2.6
Shields        | 1 2 |  2.6
Spellcasting   | 1 2 |  2.6
Invocations    | 1 2 |  2.9
Evocations     | 1 2 |  2.6
Conjurations   | 1 2 |  2.1
Hexes          | 1 2 |  2.1
Summonings     | 1 2 |  2.1
Necromancy     | 1 2 |  2.1
Translocations | 1 2 |  2.1
Transmutations | 1 2 |  2.1
Fire Magic     | 1 2 |  2.1
Ice Magic      | 1 2 |  2.1
Air Magic      | 1 2 |  2.1
Earth Magic    | 1 2 |  2.1
Poison Magic   | 1 2 |  2.1
Fighting       | 3 |  3.7
Dodging        | 5 |  5.3
Unarmed Combat | 7 |  7.1
Shapeshifting  | 7 |  7.0

Action                     |  1- 3 |  4- 6 |  7- 9 || total
---------------------------+-------+-------+-------++-------
  Melee: Unarmed           |    57 |   108 |    49 ||   214
         Bite              |     2 |     7 |     8 ||    17
         Punch             |     1 |     2 |     3 ||     6
    Use: Scroll            |     4 |     9 |     3 ||    16
         Potion            |       |     5 |     2 ||     7
   Stab: Sleeping          |       |     2 |       ||     2
 Armour: Ring mail         |    22 |     1 |       ||    23
         Animal skin       |     3 |       |       ||     3
         Leather armour    |       |    58 |       ||    58
         Skin              |       |    17 |       ||    17
         Plate armour      |       |     6 |    70 ||    76
  Dodge: Dodged            |    28 |    59 |    21 ||   108

Table legend: (Time is in decaauts)
 A = Elapsed time spent in this place.
 B = Non-inter-level travel time spent in this place.
 C = Inter-level travel time spent in this place.
 D = Time resting spent in this place.
 E = Time spent auto-exploring this place.
 F = Levels seen in this place.
 G = Mean time per level.
                   A        B        C        D        E       F      G
               +--------+--------+--------+--------+--------+-----+--------+
         Total |   4265 |   4083 |    182 |    255 |   2732 |   6 |  710.8 |
       Dungeon |   4126 |   3952 |    174 |    255 |   2732 |   5 |  825.2 |
        Temple |    139 |    131 |      8 |      0 |      0 |   1 |  139.0 |
               +--------+--------+--------+--------+--------+-----+--------+

Top non-repeatable levels by time:
     D:1: 1136 daAuts
     D:4: 1090 daAuts
     D:3: 679 daAuts
     D:2: 668 daAuts
     D:5: 552 daAuts
  Temple: 139 daAuts
